 Dungeon Crawl Stone Soup version 0.29.1-13-g9f3cf754e1 (webtiles) character file.

Game seed: 10129941229812259467

93 bjubeck the Shield-Bearer (level 4, 0/40 HPs)
             Began as a Minotaur Fighter on Jan 30, 2023.
             Slain by an ice beast (12 damage)
             ... on level 3 of the Dungeon.
             The game lasted 00:05:51 (1466 turns).

bjubeck the Shield-Bearer (Minotaur Fighter)        Turns: 1466, Time: 00:05:52

Health: 0/40       AC:  4    Str: 22    XL:     4   Next: 36%
Magic:  3/3        EV: 11    Int:  5    God:
Gold:   136        SH:  4    Dex: 10    Spells: 3/3 levels left

rFire   . . .      SeeInvis .   a - +0 war axe
rCold   . . .      Faith    .   c - +0 buckler
rNeg    . . .      Spirit   .   h - +0 troll leather armour
rPois   .          Reflect  .   (helmet restricted)
rElec   .          Harm     .   (no cloak)
rCorr   .          Rampage  .   (no gloves)
Will    .....                   (no boots)
Stlth   +.........              (no amulet)
HPRegen 0.93/turn               (no ring)
MPRegen 0.08/turn               (no ring)

@: no status effects
A: horns 2, retaliatory headbutt
a: no special abilities


You were on level 3 of the Dungeon.
You visited 1 branch of the dungeon, and saw 3 of its levels.

You collected 136 gold pieces.

Inventory:

Hand Weapons
 a - a +0 war axe (weapon)
 j - a +0 sling
Missiles
 m - 3 poisoned darts (quivered)
 n - 9 stones
Armour
 b - a +0 scale mail
 c - a +0 buckler (worn)
 h - a +0 troll leather armour (worn)
 o - a +0 plate armour
Magical Staves
 l - a staff of earth
Scrolls
 f - 2 scrolls of fog {unknown}
 i - a scroll of teleportation {unknown}
 k - 5 scrolls of identify {unknown}
 p - a scroll of enchant weapon {unknown}
 r - a scroll of poison {unknown}
Potions
 d - a potion of might
 e - a potion of brilliance {unknown}
 g - a potion of cancellation {unknown}
 q - a potion of attraction {unknown}


   Skills:
 * Level 4.1 Fighting
 + Level 4.0 Axes
 * Level 4.1 Armour
 * Level 1.0 Dodging
 + Level 4.2 Shields


You had 3 spell levels left.
You didn't know any spells.
Your spell library was empty.

Dungeon Overview and Level Annotations

Branches:
Dungeon (3/15)

Altars:

Shops:
D:1 (


Innate Abilities, Weirdness & Mutations

You have a pair of horns on your head.
You reflexively headbutt those who attack you in melee.


Message History

You are frozen.
The endoplasm closely misses you.
You hit the endoplasm. You headbutt the endoplasm.
You kill the endoplasm!
Your Axes skill increases to level 4!
HP restored.
Things that are here:
a +0 dagger; a kobold corpse You see here a hobgoblin corpse.
You see here a +1 falchion of draining.
A goblin comes into view. It is wielding a +0 dagger.
The goblin moves out of view.
r - a scroll labelled QENWUONUSE You block the goblin's attack.
You closely miss the goblin. You block the goblin's attack.
You barely miss the goblin. The goblin barely misses you.
You furiously retaliate!
You headbutt the goblin!
You kill the goblin!
An ice beast comes into view.
You see here a hobgoblin corpse.
There is a stone staircase leading up here.
You hit the ice beast. You headbutt the ice beast!
The ice beast is heavily wounded.
You block the ice beast's attack.
You closely miss the ice beast.
You headbutt the ice beast, but do no damage.
The ice beast is heavily wounded.
The ice beast hits you. The ice beast freezes you.
You hit the ice beast.
The ice beast is heavily wounded.
The ice beast hits you. The ice beast freezes you. The ice beast hits you.
The ice beast freezes you!
You barely miss the ice beast.
The ice beast is heavily wounded.
The ice beast hits you. The ice beast freezes you.
You slash the ice beast!
The ice beast is severely wounded.
The ice beast hits you.
* * * LOW HITPOINT WARNING * * *
The ice beast freezes you!
You die...

.... ##Y#.... .#.
... ....#.# .... ..
#....####.... #.
#...........#
##.#######
#.........
#........###.......#
#........#.....###..
.#.#...).........##
#.......@Y.....##)#
..#.#...)....####...
..
#...........###...
.. #......<)##..#
..... # #.###.....#
........ #. #####.#
##..... .. ..# ...
.# #.# .. .#


You could see an ice beast.

Vanquished Creatures
  3 gnolls
  2 adders (D:2)
  2 dart slugs
  3 endoplasms
  3 giant cockroaches (D:1)
  5 goblins
  3 hobgoblins
  2 jackals (D:2)
  6 kobolds
  2 quokkas
  2 ball pythons
  2 bats (D:1)
  2 frilled lizards
  5 rats
42 creatures vanquished.

Notes
Turn   | Place    | Note
-------+----------+-------------------------------------------
     0 | D:1      | bjubeck the Minotaur Fighter began the quest for the Orb.
     0 | D:1      | Reached XP level 1. HP: 19/19 MP: 0/0
   109 | D:1      | Reached XP level 2. HP: 27/27 MP: 1/1
   206 | D:1      | Found Qyefif's Antique Weapon Shoppe.
   695 | D:2      | Reached XP level 3. HP: 33/33 MP: 2/2
  1402 | D:2      | Reached XP level 4. HP: 15/40 MP: 3/3
  1415 | D:3      | Reached skill level 1 in Dodging
  1447 | D:3      | Noticed an ice beast
  1466 | D:3      | Slain by an ice beast

Illustrated notes

Levels and vault maps discovered:
D:1:      spicycebolla_arrival_ecumenical, layout_loops_ring, serial_shops,
          nicolae_lakefront_shop
D:2:      layout_loops_cross, kennysheep_nub
D:3:      layout_rooms, led_sif_book, hangedman_abyss_or_decor_stabs,
          chequers_decorated_corner, minmay_misc_feat_pillars

Skill      XL: |  1  2  3  4 |
---------------+-------------+-----
Shields        | 4 |  4.2
Fighting       | 4 |  4.1
Armour         | 4 |  4.1
Axes           | 3 4 |  4.0
Dodging        | 1 |  1.0

Action                   |  1- 3 |  4- 6 || total
-------------------------+-------+-------++-------
Melee: War axe           |    69 |    16 ||    85
       Headbutt          |    10 |     4 ||    14
Armor: Scale mail        |     8 |       ||     8
       Troll leather arm |    25 |     3 ||    28
Dodge: Dodged            |    41 |     8 ||    49
Block: Buckler           |    12 |     4 ||    16
